 Dungeon Crawl Stone Soup version 0.13-a0-1804-g486adc7 (webtiles) character file.

1796 JacquesDerrida the Spear-Bearer (level 8, 0/46 HPs)
             Began as a Tengu Gladiator on June 24, 2013.
             Was an Initiate of Ashenzari.
             Slain by a polar bear (17 damage)
             ... on Level 8 of the Dungeon.
             The game lasted 00:23:41 (5655 turns).

JacquesDerrida the Spear-Bearer (Tengu Gladiator)   Turns: 5655, Time: 00:23:41

HP   0/46        AC  6     Str 16      XL: 8   Next: 92%
MP  10/10        EV 12     Int 15      God: Ashenzari [......]
Gold 212         SH  0     Dex 14      Spells:  0 memorised,  7 levels left

Res.Fire  : . . .   See Invis. : .   j - +2 elf trident (slay drac)
Res.Cold  : . . .   Warding    : .   b - +0 leather armour
Life Prot.: . . .   Conserve   : .   (no shield)
Res.Poison: .       Res.Corr.  : .   c - +0 cap
Res.Elec. : .       Clarity    : .   q - +0 cloak
Sust.Abil.: . .     Spirit.Shd : .   e - +1 pair of dwarf gloves
Res.Mut.  : .       Stasis     : .   (boots unavailable)
Res.Rott. : .       Flight     : .   (no amulet)
Saprovore : . . .                    (no ring)
                                     t - +4 ring of intelligence

@: slightly resistant to hostile enchantments, unstealthy
A: able to fly, beak, talons 3
a: Fly, Renounce Religion


You were on level 8 of the Dungeon.
You worshipped Ashenzari.
Ashenzari was noncommittal.
You were not hungry.

You visited 2 branches of the dungeon, and saw 9 of its levels.

You collected 192 gold pieces.

Inventory:

Hand weapons
 a - a +1,+1 trident
 j - a +2,+2 elven trident of dragon slaying (weapon)
Missiles
 i - 4 needles of sleeping
 v - 31 poisoned needles
Armour
 b - a +0 leather armour (worn)
 c - a +0 cap (worn)
 e - a +1 pair of dwarven gloves (worn)
 q - a +0 cloak (worn)
Magical devices
 d - a wand of heal wounds (0)
 r - a wand of frost (16)
 y - a wand of teleportation (0)
Comestibles
 f - 3 bread rations
 n - 2 chunks of hound flesh
 o - a meat ration
Scrolls
 g - a scroll of random uselessness
 k - 2 scrolls of remove curse
 x - 3 scrolls of identify
Jewellery
 l - an uncursed ring of ice
 t - a +4 ring of intelligence (left hand)
Potions
 h - a potion of heal wounds
 m - a potion of paralysis
 u - 6 potions of curing
 w - 2 potions of brilliance
 z - 2 potions of restore abilities


   Skills:
 - Level 2.0 Fighting
 + Level 11.5 Polearms
 - Level 2.1 Throwing
 - Level 3.2 Dodging


You had 7 spell levels left.
You didn't know any spells.

Dungeon Overview and Level Annotations

Branches:
Dungeon (8/27)             Temple (1/1) D:5
    Orc: D:6-11        Lair: D:8-13

Altars:
Ashenzari
Cheibriados
Elyvilon
Fedhas
Kikubaaqudgha
Makhleb
Nemelex Xobeh
Okawaru
Sif Muna
Trog
Xom
Yredelemnul
Zin
the Shining One

Annotations
D:5 Sigmund


Innate Abilities, Weirdness & Mutations

You can fly.
You have a beak for a mouth.
You have claws for feet.


Message History

The wolf gazes forward, looking utterly alone.
The crocodile closely misses you.
Found a scroll of identify.
The bat closely misses you. The bat hits you but does no damage.
The bat barely misses you.
You see here a scroll of identify.
The bat hits you but does no damage.
Found 19 gold pieces.
The bat barely misses you. The bat hits you but does no damage.
Found 17 bolts.
The polar bear growls angrily.
The bat closely misses you. The bat misses you. The bat barely misses you.
The bat hits you but does no damage.
You hit the polar bear. You claw the polar bear. You peck the polar bear.
The polar bear is lightly wounded.
The bat barely misses you. The polar bear bites you!
You die...

.t.# ###.....###.# ...###
#####.....#.# .....#
#...#.......# #....#
##...###.....# ##...##
##......###......#
#....###..II.....##...$.#
##....#..?.#..h..###......
##...#I..####Ib...###....
#....t..# #.@U...# #..
##.....## ###...(.# . .≈.
####.Y..## ##...# #.≈..≈≈
##....#### ...###.≈≈...≈
.....Y.# . ....#.≈≈≈..≈
.......# #.. #......≈I≈..≈
..#.#..# #...[
#.....≈.≈≈≈≈≈ .......#
##....# #......≈≈U.
..#.#..# ....$#
#....≈≈≈≈≈?


You could see a polar bear, 3 ice beasts, a wolf and a bat.

Vanquished Creatures
  Edmund (D:5)
  A yak zombie (D:7)
  3 centaurs
  3 wolves
  A giant frog zombie (D:5)
  A water moccasin (D:7)
  4 giant frogs
  2 crimson imps (D:7)
  A sky beast zombie (D:5)
  A big kobold skeleton (D:7)
  3 hounds
  Crazy Yiuf (D:2)
  A quasit (D:7)
  An iguana (D:8)
  2 worker ants
  8 adders
  A scorpion zombie (D:6)
  2 worms
  A bat zombie (D:5)
  2 giant eyeballs
  6 giant geckos
  12 orcs
  10 goblins
  10 hobgoblins
  3 jackals (D:5)
  5 quokkas
  3 ball pythons
  8 bats
  6 giant newts
  A hobgoblin skeleton (D:5)
  14 kobolds
  A quokka zombie (D:6)
  14 rats
  2 rat skeletons (D:4)
135 creatures vanquished.

Vanquished Creatures (others)
  A goblin (D:1)
  A hobgoblin (D:1)
2 creatures vanquished.

Grand Total: 137 creatures vanquished

Notes
Turn   | Place    | Note
--------------------------------------------------------------
     0 | D:1      | JacquesDerrida, the Tengu Gladiator, began the quest for the Orb.
     0 | D:1      | Reached XP level 1. HP: 13/13 MP: 0/0
   177 | D:1      | Reached XP level 2. HP: 18/18 MP: 2/2
   285 | D:1      | Reached skill level 4 in Polearms
   708 | D:2      | Reached XP level 3. HP: 15/22 MP: 3/3
   931 | D:2      | acidapple: я надеваю волшебный плащи и шляпу
   931 | D:2      | Noticed Crazy Yiuf
   932 | D:2      | JacquesDerrida: Надо бы
   932 | D:2      | JacquesDerrida: Убили, что ли
   934 | D:2      | acidapple: не
   936 | D:2      | acidapple: я сохранлися
   943 | D:2      | acidapple: а представь
   948 | D:2      | acidapple: что все происходящее
   948 | D:2      | JacquesDerrida: Оу бой
   948 | D:2      | acidapple: о, ванд какой
   948 | D:2      | JacquesDerrida: Йуф с вандой лечения
   953 | D:2      | acidapple: ты его не убьешь наверное
   956 | D:2      | Killed Crazy Yiuf
   956 | D:2      | Reached skill level 5 in Polearms
   956 | D:2      | Reached XP level 4. HP: 28/28 MP: 4/4
   960 | D:2      | acidapple: 5 раз запнул
   960 | D:2      | JacquesDerrida: zapped 5
   960 | D:2      | acidapple: вот ведь сволочь
  1033 | D:2      | acidapple: а ну так вот
  1034 | D:2      | acidapple: представь
  1035 | D:2      | acidapple: что все что ты видишь в игре
  1035 | D:2      | acidapple: э
  1036 | D:2      | acidapple: это вид сверху
  1037 | D:2      | acidapple: и все передвигаются лежа
  1039 | D:2      | acidapple: и ты лежишь сейчас
  1039 | D:2      | acidapple: твой тенгу
  1039 | D:2      | acidapple: а ты сверху смотришь на него
  1039 | D:2      | JacquesDerrida: А может это разрез сбоку
  1039 | D:2      | JacquesDerrida: И все они спинами жмутся к стенами
  1039 | D:2      | acidapple: продольный?
  1039 | D:2      | JacquesDerrida: Там очень узко
  1039 | D:2      | JacquesDerrida: Упираются лицом в другую стену
  1089 | D:2      | acidapple: в стекло ты хотел сказать?
  1155 | D:2      | JacquesDerrida: Не, это магией все видно
  1155 | D:2      | JacquesDerrida: Чудеса
  1155 | D:2      | JacquesDerrida: Так там камень
  1370 | D:2      | acidapple: хреново
  1572 | D:3      | JacquesDerrida: Вау
  1572 | D:3      | JacquesDerrida: Д3
  1578 | D:3      | Reached skill level 6 in Polearms
  1578 | D:3      | Reached XP level 5. HP: 30/32 MP: 6/6
  1580 | D:3      | Found a basalt altar of Yredelemnul.
  1635 | D:3      | JacquesDerrida: Хе-хе
  2260 | D:4      | Noticed an ogre
  2441 | D:5      | Entered Level 5 of the Dungeon
  2441 | D:5      | Noticed a centaur
  2486 | D:5      | Found a staircase to the Ecumenical Temple.
  2489 | D:5      | Noticed Edmund
  2519 | Temple   | Entered the Ecumenical Temple
  2619 | D:5      | Reached skill level 7 in Polearms
  2655 | D:5      | Reached XP level 6. HP: 29/36 MP: 7/7
  2713 | D:5      | Killed Edmund
  2713 | D:5      | Reached skill level 8 in Polearms
  2721 | D:5      | Noticed a phantom
  2756 | D:5      | Killed a centaur
  2756 | D:5      | Reached XP level 7. HP: 22/40 MP: 8/8
  2923 | D:5      | Found a basalt altar of Yredelemnul.
  3019 | D:5      | Noticed Sigmund
  3292 | D:6      | Found a glowing golden altar of the Shining One.
  3320 | D:6      | Reached skill level 9 in Polearms
  3409 | D:6      | Paralysed by a giant eyeball for 4 turns
  3416 | D:6      | Paralysed by a giant eyeball for 2 turns
  3496 | D:6      | Noticed a yak
  3497 | D:6      | Noticed a yak
  3646 | D:6      | Found a white marble altar of Elyvilon.
  3877 | D:6      | Noticed a yak
  4390 | D:7      | Reached skill level 10 in Polearms
  4390 | D:7      | Reached XP level 8. HP: 33/46 MP: 10/10
  4836 | D:8      | Noticed a polar bear
  4851 | D:8      | Noticed a death yak
  5004 | D:8      | Reached skill level 11 in Polearms
  5019 | D:8      | Noticed a polar bear
  5084 | D:8      | Noticed an elephant
  5537 | D:8      | Noticed a death yak
  5552 | D:8      | Noticed a hill giant simulacrum
  5554 | D:8      | Noticed a polar bear
  5584 | D:8      | Noticed a polar bear
  5627 | D:8      | Found a shattered altar of Ashenzari.
  5629 | D:8      | Became a worshipper of Ashenzari the Shackled
  5655 | D:8      | Slain by a polar bear

Action                   |  1- 3 |  4- 6 |  7- 9 || total
-------------------------+-------+-------+-------++-------
Melee: Trident           |    55 |   197 |   195 ||   447
Throw: Throwing net      |     3 |     2 |       ||     5
Evoke: Wand              |       |     5 |     8 ||    13
  Use: Scroll            |       |    12 |    11 ||    23
       Potion            |       |     3 |     4 ||     7
 Stab: Held in net/web   |     2 |       |       ||     2
       Sleeping          |       |     1 |     1 ||     2
